[Event "Titled Tuesday Blitz August 15 Early 2023"]
[White "Khater, Sherif"]
[Black "Rietze, Clemens, Dr."]
[WhiteFideId "2034280"]
[BlackFideId "24620351"]
[WhiteElo "2560"]
[BlackElo "2381"]
[Result "1-0"]
[Round "4"]
[TimeControl "180+1"]
[Date "2023.08.15"]
[WhiteClock "0:01:20"]
[BlackClock "0:00:15"]
[Board "142"]

1. Nf3 Nf6 2. b3 g6 3. Bb2 Bg7 4. e3 O-O 5. d4 d6 6. Nbd2 Nc6 7. g3 Nd7 8. Bg2 e5 9. dxe5 dxe5 10. Qc1 Re8 11. e4 a5 12. a4 Nc5 13. O-O Ne6 14. Nc4 Ned4 15. Nxd4 Nxd4 16. Bxd4 exd4 17. Qd2 Be6 18. Rab1 Bxc4 19. bxc4 Ra7 20. f4 Qd7 21. e5 Bf8 22. Ra1 Bb4 23. Qd3 Bc3 24. Ra3 Bb4 25. Ra2 c6 26. h4 f6 27. h5 gxh5 28. Be4 Rf8 29. Raa1 Raa8 30. Rad1 Bc5 31. Kg2 Kh8 32. Rh1 Qf7 33. e6 Qxe6 34. Rxh5 Rf7 35. Rxc5 Rg8 36. Rh1 Qg4 37. Rch5 Rgg7 38. Bf5 Qxf4 39. Rxh7+ 1-0


[Site "https://www.chess.com"]

[Event "Titled Tuesday Blitz August 15 Early 2023"]
[White "Gu, Xiaobing"]
[Black "Nguyen Hong Anh"]
[WhiteFideId "8602611"]
[BlackFideId "12406732"]
[WhiteElo "2381"]
[BlackElo "2546"]
[Result "1-0"]
[Round "4"]
[TimeControl "180+1"]
[Date "2023.08.15"]
[WhiteClock "0:00:15"]
[BlackClock "0:00:08"]
[Board "143"]

1. e4 c5 2. Nf3 Nc6 3. Bb5 g6 4. Bxc6 dxc6 5. d3 Bg7 6. Nc3 Qc7 7. h3 e5 8. Be3 b6 9. Qd2 Ne7 10. Kf1 O-O 11. Bh6 f5 12. h4 f4 13. Bxg7 Kxg7 14. h5 Bg4 15. h6+ Kh8 16. Ng5 f3 17. g3 Rad8 18. Nd1 c4 19. Ne3 Qd7 20. Nxc4 Qd4 21. Qc3 Qxc3 22. bxc3 Kg8 23. Nxe5 Bc8 24. d4 c5 25. Ngxf3 cxd4 26. cxd4 Bb7 27. d5 Nxd5 28. exd5 Bxd5 29. Kg2 Rf5 30. Rae1 Re8 31. g4 Rfxe5 32. Rxe5 Rxe5 33. Kg3 Re1 34. Rxe1 1-0


[Site "https://www.chess.com"]

[Event "Titled Tuesday Blitz August 15 Early 2023"]
[White "Kozelov, Roman"]
[Black "Karamsetty, Jeevan"]
[WhiteFideId "14133377"]
[BlackFideId "2025337"]
[WhiteElo "2379"]
[BlackElo "2543"]
[Result "1-0"]
[Round "4"]
[TimeControl "180+1"]
[Date "2023.08.15"]
[WhiteClock "0:00:24"]
[BlackClock "0:00:00"]
[Board "144"]

1. e4 b6 2. d4 Bb7 3. Nc3 d6 4. Nf3 Nd7 5. Be3 e5 6. dxe5 dxe5 7. Bc4 Be7 8. Ng5 Bxg5 9. Qh5 g6 10. Qxg5 Ngf6 11. O-O-O Qe7 12. f3 O-O-O 13. Qg3 Kb8 14. Rd2 Nh5 15. Qf2 Ndf6 16. Rhd1 Rxd2 17. Qxd2 Bc8 18. Bg5 Qc5 19. Bxf7 Qf8 20. Bb3 Nd7 21. Nd5 Qe8 22. Nxc7 Qf8 23. Nd5 Qc5 24. Be7 Qc6 25. Nb4 Qb5 26. a4 Qa5 27. Nc6+ 1-0


[Site "https://www.chess.com"]

[Event "Titled Tuesday Blitz August 15 Early 2023"]
[White "Ismayil, Malak"]
[Black "Der_Balak_3Halak"]
[WhiteFideId "13412604"]
[WhiteElo "2540"]
[BlackElo "2377"]
[Result "0-1"]
[Round "4"]
[TimeControl "180+1"]
[Date "2023.08.15"]
[WhiteClock "0:00:59"]
[BlackClock "0:00:39"]
[Board "145"]

1. e4 e5 2. Nf3 Nc6 3. Bc4 Bc5 4. d3 Nf6 5. O-O O-O 6. Nc3 d6 7. h3 h6 8. Be3 Bb6 9. Re1 Be6 10. Bb3 Re8 11. Qd2 Qd7 12. Kh2 Nd4 13. Bxd4 Bxd4 14. Nxd4 exd4 15. Ne2 Bxb3 16. axb3 d5 17. Ng3 dxe4 18. dxe4 c5 19. Rad1 Qc6 20. Qf4 a5 21. e5 Nd5 22. Qg4 g6 23. Nf5 Kh7 24. Nd6 Re7 25. h4 f5 26. Qf3 Nb4 27. Qg3 Nxc2 28. Re2 d3 29. Rxd3 Nd4 30. Re1 Rd8 31. Red1 Qd5 32. Re1 Rxd6 33. exd6 Rxe1 34. h5 g5 35. b4 axb4 36. Rd2 Re6 37. Qd3 Qxd6+ 38. Kh1 Re1+ 0-1


[Site "https://www.chess.com"]

[Event "Titled Tuesday Blitz August 15 Early 2023"]
[White "Nosacheva, Mariya"]
[Black "Hajiyev, Kanan"]
[WhiteFideId "34111422"]
[BlackFideId "13404148"]
[WhiteElo "2377"]
[BlackElo "2529"]
[Result "0-1"]
[Round "4"]
[TimeControl "180+1"]
[Date "2023.08.15"]
[WhiteClock "0:00:00"]
[BlackClock "0:00:16"]
[Board "146"]

1. e4 c6 2. d4 d5 3. e5 a6 4. c4 Bf5 5. Nc3 e6 6. h4 h5 7. Be2 Bb4 8. Bxh5 dxc4 9. g3 Qd5 10. Bf3 Be4 11. Bd2 Bxc3 12. bxc3 Ne7 13. Qe2 Bxf3 14. Nxf3 Nd7 15. Rb1 b5 16. Bc1 c5 17. O-O Nf5 18. dxc5 Nxc5 19. Ba3 Qd3 20. Rfe1 Qxe2 21. Rxe2 Nd3 22. Ng5 Ra7 23. Ne4 Nxe5 24. g4 Nxg4 25. Rd1 Rd7 26. Red2 Rxd2 27. Rxd2 Ne5 28. Nd6+ Nxd6 29. Rxd6 O-O 30. Rxa6 Rd8 31. Be7 Rd3 32. a4 bxa4 33. Rxa4 Rxc3 34. Bg5 Nf3+ 35. Kg2 Nxg5 36. hxg5 Kh7 37. Kf1 Kg6 38. Ra5 Rc2 39. Rc5 c3 40. f4 Kh5 41. Ke1 Kg4 42. Kd1 Rd2+ 43. Ke1 Kxf4 44. Rxc3 Rd5 45. Rc4+ Kxg5 46. Kf2 Kf6 47. Kf3 Rf5+ 48. Kg3 g5 49. Rc7 Rf4 50. Ra7 Rh4 51. Ra5 Rd4 52. Ra7 Rd5 53. Rb7 Rf5 54. Ra7 Kg6 55. Ra8 Rd5 56. Rg8+ Kh7 57. Rf8 Kg7 58. Ra8 f5 59. Re8 Rd3+ 60. Kf2 Kf7 61. Ra8 Kf6 62. Rf8+ Ke5 63. Ra8 g4 64. Ra4 Rf3+ 65. Kg2 f4 66. Ra5+ Kf6 67. Rh5 e5 68. Rh4 Rg3+ 69. Kf2 Kg5 70. Rh8 Kf5 71. Ra8 Rc3 72. Rg8 Rc2+ 73. Kf1 g3 74. Ra8 Ke4 75. Ra4+ Kf3 76. Ra3+ Kg4 77. Ra8 e4 0-1


[Site "https://www.chess.com"]

[Event "Titled Tuesday Blitz August 15 Early 2023"]
[White "Arutla, Aditya"]
[Black "Korpics, Zsolt"]
[WhiteFideId "30961998"]
[BlackFideId "705241"]
[WhiteElo "2526"]
[BlackElo "2370"]
[Result "0-1"]
[Round "4"]
[TimeControl "180+1"]
[Date "2023.08.15"]
[WhiteClock "0:00:16"]
[BlackClock "0:00:21"]
[Board "147"]

1. d4 Nf6 2. Bf4 d5 3. e3 c5 4. Nf3 Nc6 5. Nbd2 Bf5 6. dxc5 e6 7. a3 Bxc5 8. b4 Bd6 9. Bxd6 Qxd6 10. c4 O-O 11. c5 Qc7 12. Bb5 e5 13. O-O a6 14. Bxc6 bxc6 15. Nb3 h6 16. Qd2 Ne4 17. Qb2 Rfe8 18. Rad1 Bg4 19. Na5 Bxf3 20. gxf3 Ng5 21. Qe2 Qd7 22. h4 Nh7 23. Rfe1 Qh3 24. Qf1 Qxh4 25. Qg2 Ng5 26. Kf1 Re6 27. Ke2 e4 28. f4 Qh5+ 29. Kd2 Nf3+ 30. Kc3 Qf5 31. Rh1 Qf6+ 32. Kc2 d4 33. exd4 Nxd4+ 34. Kb1 Ne2 35. Rd2 Nc3+ 36. Kc2 Na4 37. Rhd1 Qb2# 0-1


[Site "https://www.chess.com"]

[Event "Titled Tuesday Blitz August 15 Early 2023"]
[White "arturdailima"]
[Black "ArtemDyachuk"]
[WhiteElo "2362"]
[BlackElo "2522"]
[Result "0-1"]
[Round "4"]
[TimeControl "180+1"]
[Date "2023.08.15"]
[WhiteClock "0:00:50"]
[BlackClock "0:00:02"]
[Board "148"]

1. e4 c6 2. d4 d5 3. e5 Bf5 4. h4 h5 5. Bg5 Qb6 6. Nd2 Qxd4 7. Ngf3 Qb6 8. Bd3 Bxd3 9. cxd3 e6 10. O-O Be7 11. a4 Nd7 12. a5 Qc7 13. a6 b6 14. d4 Bxg5 15. Nxg5 Nh6 16. Qxh5 O-O-O 17. g3 Rdf8 18. Rac1 Nf5 19. Qg4 Rh6 20. b4 Rg6 21. Qf4 Kb8 22. b5 c5 23. dxc5 Nxc5 24. Nb3 f6 25. Nxc5 fxg5 26. Nxe6 Rxe6 27. Qxf5 Rxf5 28. Rxc7 Kxc7 29. f4 gxh4 30. g4 Rf8 31. Kh2 g5 32. f5 Rxe5 33. Rc1+ Kd7 34. Rc6 d4 35. Rg6 d3 36. Rg7+ Kd6 37. Rg6+ Kd5 38. Rg7 Ke4 39. Rd7 Rd5 40. Re7+ Kf4 41. Kg2 d2 42. Re2 Kxg4 43. Rf2 Rfxf5 44. Re2 d1=Q 45. Re4+ Kh5 46. Re3 Qf1+ 47. Kh2 Rf2# 0-1


[Site "https://www.chess.com"]

[Event "Titled Tuesday Blitz August 15 Early 2023"]
[White "Toropov, Pavel"]
[Black "Ovezdurdyyeva, Jemal"]
[WhiteFideId "24129178"]
[BlackFideId "14001888"]
[WhiteElo "2519"]
[BlackElo "2355"]
[Result "0-1"]
[Round "4"]
[TimeControl "180+1"]
[Date "2023.08.15"]
[WhiteClock "0:00:13"]
[BlackClock "0:00:13"]
[Board "149"]

1. e4 d6 2. d4 Nf6 3. Nc3 g6 4. h3 c6 5. g4 b5 6. Bg2 b4 7. Nce2 Bg7 8. Ng3 a5 9. N1e2 Nbd7 10. O-O O-O 11. f4 e5 12. f5 exd4 13. g5 Qb6 14. Kh1 Nxe4 15. Bxe4 gxf5 16. Nxf5 Nc5 17. Bg2 Bxf5 18. Rxf5 Rae8 19. Bf4 Ne4 20. Qf1 d5 21. Re1 Re6 22. Ng3 Rfe8 23. Nxe4 dxe4 24. Bg3 Qb7 25. Qc4 Qd7 26. Rxa5 d3 27. cxd3 exd3 28. Rxe6 Rxe6 29. Ra8+ Bf8 30. Qc5 Re7 31. Bd6 d2 32. Bxe7 d1=Q+ 33. Kh2 Qc7+ 34. Bd6 Qcxd6+ 35. Qxd6 Qxd6+ 36. Kg1 Qd1+ 37. Kf2 Qd2+ 38. Kf1 Qxg5 39. Rc8 c5 40. a4 bxa3 41. bxa3 Qc1+ 42. Ke2 Qc2+ 43. Kf1 Qf5+ 44. Kg1 Qxc8 0-1


[Site "https://www.chess.com"]

[Event "Titled Tuesday Blitz August 15 Early 2023"]
[White "Camilla_Lee"]
[Black "Saito, Vinicius"]
[BlackFideId "2113384"]
[WhiteElo "2517"]
[BlackElo "2345"]
[Result "1-0"]
[Round "4"]
[TimeControl "180+1"]
[Date "2023.08.15"]
[WhiteClock "0:00:09"]
[BlackClock "0:00:00"]
[Board "150"]

1. e4 c5 2. Nf3 Nc6 3. d4 cxd4 4. Nxd4 Nf6 5. Nc3 e5 6. Ndb5 d6 7. Bg5 a6 8. Na3 b5 9. Nd5 Be7 10. Bxf6 Bxf6 11. c3 O-O 12. Nc2 Bg5 13. a4 bxa4 14. Rxa4 a5 15. Bc4 Rb8 16. b3 Kh8 17. Nce3 g6 18. Bd3 Bd7 19. Ra2 Bh6 20. Nc4 Be6 21. Nce3 Qh4 22. O-O f5 23. exf5 gxf5 24. Be2 e4 25. Nc4 Rbd8 26. g3 Qh3 27. Re1 f4 28. Bf1 Qf5 29. Nxf4 Bxf4 30. gxf4 Qxf4 31. Bg2 d5 32. Ne3 Rg8 33. Kh1 Rg7 34. Qe2 Rdg8 35. Rg1 Ne5 36. Raa1 Bg4 37. Qb5 Bf3 38. Nxd5 Qh4 39. Ne3 Bxg2+ 40. Rxg2 Rxg2 41. Qxe5+ R2g7 42. Rg1 Qh3 43. Rg3 Qd7 44. Nf5 Qf7 45. Rxg7 Rxg7 46. Qxg7+ Qxg7 47. Nxg7 Kxg7 48. Kg2 Kf6 49. c4 Ke5 50. Kg3 Kd4 51. Kf4 h6 52. Kf5 h5 53. h4 1-0


[Site "https://www.chess.com"]

[Event "Titled Tuesday Blitz August 15 Early 2023"]
[White "Lehtosaari, Mauri"]
[Black "rikchessmx"]
[WhiteFideId "501999"]
[WhiteElo "2506"]
[BlackElo "2344"]
[Result "1-0"]
[Round "4"]
[TimeControl "180+1"]
[Date "2023.08.15"]
[WhiteClock "0:00:11"]
[BlackClock "0:00:27"]
[Board "151"]

1. d4 Nf6 2. Nf3 e6 3. Bg5 b6 4. Nbd2 h6 5. Bh4 Bb7 6. e3 Be7 7. Bd3 d5 8. c3 O-O 9. Ne5 Nbd7 10. f4 Ne4 11. Bxe7 Qxe7 12. O-O c5 13. Ndf3 f6 14. Ng6 Qf7 15. Nxf8 Nxf8 16. Nd2 f5 17. Nf3 Ng6 18. a4 c4 19. Bxe4 dxe4 20. Ne5 Nxe5 21. fxe5 Bd5 22. a5 b5 23. a6 Rb8 24. Qe1 Kh7 25. g4 Rf8 26. Qg3 g5 27. gxf5 exf5 28. Ra5 f4 29. Qh3 Be6 30. Qg2 f3 31. Qg3 Qd7 32. Kf2 Qc6 33. Rd1 Qb6 34. Raa1 Bd5 35. h4 Rg8 36. Rh1 gxh4 37. Qxh4 Rg2+ 38. Kf1 b4 39. Qe7+ Rg7 40. Qd6 bxc3 41. Qxb6 axb6 42. bxc3 Ra7 43. Kf2 b5 44. Rhg1 Be6 45. Kg3 Bc8 46. d5 Kg6 47. Kf4+ Kf7 48. Kxe4 f2 49. Rgf1 Bxa6 50. Rxf2+ Ke7 51. Rfa2 b4 52. Rxa6 Rb7 53. Ra7 Rxa7 54. Rxa7+ 1-0


[Site "https://www.chess.com"]

[Event "Titled Tuesday Blitz August 15 Early 2023"]
[White "Li, Hui"]
[Black "FromTexas54"]
[WhiteFideId "15400310"]
[WhiteElo "2343"]
[BlackElo "2504"]
[Result "1/2-1/2"]
[Round "4"]
[TimeControl "180+1"]
[Date "2023.08.15"]
[WhiteClock "0:00:03"]
[BlackClock "0:00:42"]
[Board "152"]

1. e4 g6 2. d4 Bg7 3. Nc3 d6 4. Nf3 a6 5. Be2 Nf6 6. O-O O-O 7. h3 b5 8. e5 Ne8 9. a4 b4 10. Nd5 a5 11. c3 c6 12. Ne3 Na6 13. Nc4 Be6 14. Bf4 d5 15. Ne3 Nec7 16. Qd2 c5 17. Nc2 Bf5 18. Ne3 Be4 19. Ng5 cxd4 20. cxd4 h6 21. Nxe4 dxe4 22. Rac1 Nd5 23. Nxd5 Qxd5 24. Bc4 Qd7 25. Bb5 Qa7 26. Bc6 Rad8 27. Be3 Qb8 28. Qe2 Nc7 29. Bxe4 Ne6 30. Rfd1 Kh7 31. b3 Rd7 32. d5 Ng5 33. Bxg5 hxg5 34. e6 Rc7 35. Qh5+ Kg8 36. exf7+ Rxf7 37. Qxg6 Rf4 38. Rxc7 Qxc7 39. Qe8+ Rf8 40. Qh5 Rf4 41. Qe8+ Bf8 42. Qg6+ Bg7 43. Qe8+ 1/2-1/2


[Site "https://www.chess.com"]

[Event "Titled Tuesday Blitz August 15 Early 2023"]
[White "FunnyDuck66"]
[Black "Nithyalakshmi, Sivanesan"]
[BlackFideId "5706955"]
[WhiteElo "2503"]
[BlackElo "2341"]
[Result "1-0"]
[Round "4"]
[TimeControl "180+1"]
[Date "2023.08.15"]
[WhiteClock "0:00:43"]
[BlackClock "0:00:00"]
[Board "153"]

1. d4 Nf6 2. Nf3 c5 3. c3 e6 4. Bg5 d5 5. e3 Nc6 6. Nbd2 h6 7. Bh4 Be7 8. Bd3 Qc7 9. Bg3 Qb6 10. Qc2 Bd7 11. O-O Rc8 12. Qc1 Na5 13. Ne5 cxd4 14. exd4 Nc6 15. Nb3 O-O 16. Bh4 Rfd8 17. f4 Be8 18. Qe3 Qc7 19. Rae1 Nxe5 20. fxe5 Ne4 21. Bxe7 Qxe7 22. Bxe4 dxe4 23. Qxe4 Ba4 24. Nc5 Bc6 25. Qf4 Bd5 26. Re3 b6 27. Nd3 1-0


[Site "https://www.chess.com"]

[Event "Titled Tuesday Blitz August 15 Early 2023"]
[White "Okike, David"]
[Black "Martinez Reyes, Pedro Ramon"]
[WhiteFideId "8500134"]
[BlackFideId "3901807"]
[WhiteElo "2339"]
[BlackElo "2502"]
[Result "1/2-1/2"]
[Round "4"]
[TimeControl "180+1"]
[Date "2023.08.15"]
[WhiteClock "0:00:25"]
[BlackClock "0:00:06"]
[Board "154"]

1. e4 e6 2. d4 c5 3. Nf3 cxd4 4. Nxd4 Nf6 5. Nc3 Nc6 6. a3 d6 7. Bg5 Be7 8. f4 a6 9. Qd2 Qc7 10. O-O-O Bd7 11. Be2 h6 12. Bxf6 Bxf6 13. Nf3 Be7 14. Rhe1 Rd8 15. Bd3 b5 16. Ne2 b4 17. axb4 d5 18. exd5 Nxb4 19. d6 Bxd6 20. Ne5 Nxd3+ 21. Nxd3 O-O 22. Nc3 Bc6 23. g3 Rd7 24. Qe3 Rb8 25. Ne5 Bxe5 26. Rxd7 Qxd7 27. Qxe5 Qb7 28. b3 Rc8 29. Kb2 Bg2 30. Re2 Bh3 31. Ne4 Rd8 32. Nc5 Qc6 33. Nd3 Bf5 34. Re3 Bxd3 35. Rxd3 Rxd3 36. cxd3 f6 37. Qe2 Kf7 38. d4 g5 39. fxg5 hxg5 40. h4 gxh4 41. gxh4 a5 42. Qh5+ Kg7 43. Qxa5 Qd6 44. Qd2 Kg6 45. Qg2+ Kh5 46. Qf2 f5 47. Kc3 Qc6+ 48. Kb2 Qe4 49. b4 f4 50. b5 f3 51. Kc3 Kg4 52. b6 Qc6+ 53. Kd3 Qxb6 54. Qg1+ Kh3 55. Ke3 e5 56. Kxf3 Qf6+ 57. Ke2 exd4 58. h5 Qf4 59. Kd3 Qh6 60. Qd1 Kh4 61. Qf3 Qd6 62. h6 Qa3+ 63. Ke4 Qa8+ 64. Kf4 Qf8+ 65. Ke4 Qa8+ 66. Kf4 Qb8+ 67. Ke4 Qb7+ 68. Kf4 Qc7+ 69. Ke4 Qc6+ 70. Kf4 Qd6+ 71. Ke4 Qc6+ 72. Kf4 Qf6+ 73. Ke4 Qc6+ 1/2-1/2


[Site "https://www.chess.com"]

[Event "Titled Tuesday Blitz August 15 Early 2023"]
[White "Rian, Kapriaga"]
[Black "Mammadzada, Gunay"]
[WhiteFideId "7103263"]
[BlackFideId "13403729"]
[WhiteElo "2338"]
[BlackElo "2501"]
[Result "0-1"]
[Round "4"]
[TimeControl "180+1"]
[Date "2023.08.15"]
[WhiteClock "0:00:00"]
[BlackClock "0:00:39"]
[Board "155"]

1. d4 d5 2. c4 c6 3. Nc3 Nf6 4. e3 g6 5. Nf3 Bg7 6. b3 O-O 7. Be2 c5 8. Bb2 cxd4 9. exd4 Nc6 10. h3 b6 11. O-O Bb7 12. a3 Rc8 13. Rc1 e6 14. Re1 dxc4 15. bxc4 Na5 16. Na4 Bxf3 17. Bxf3 Nxc4 18. Ba1 Nd5 19. Qb3 Nd2 20. Qd3 Nxf3+ 21. Qxf3 Qg5 22. Bb2 h5 23. Nc3 Bxd4 24. Ne4 Qe5 25. Bxd4 Qxd4 26. Rcd1 Qg7 27. Rxd5 exd5 28. Nf6+ Kh8 29. g4 Rc6 30. g5 Re6 31. Rc1 Rxf6 32. gxf6 Qh6 33. Rd1 Qg5+ 34. Kh1 Rd8 35. Rd4 b5 36. h4 Qe5 0-1


[Site "https://www.chess.com"]

[Event "Titled Tuesday Blitz August 15 Early 2023"]
[White "Berezin, Viktor"]
[Black "Gatterer, Florian"]
[WhiteFideId "14107872"]
[BlackFideId "811688"]
[WhiteElo "2501"]
[BlackElo "2336"]
[Result "1-0"]
[Round "4"]
[TimeControl "180+1"]
[Date "2023.08.15"]
[WhiteClock "0:00:54"]
[BlackClock "0:00:07"]
[Board "156"]

1. g3 d5 2. Bg2 g6 3. d3 Bg7 4. Nf3 Nf6 5. O-O O-O 6. Nbd2 c5 7. e4 Nc6 8. Re1 e5 9. c3 d4 10. Nc4 Qc7 11. cxd4 cxd4 12. Bd2 b5 13. Na3 a6 14. Rc1 Bb7 15. h4 h6 16. Rc2 Qd6 17. Qc1 Kh7 18. Bh3 Nd7 19. h5 Rad8 20. hxg6+ fxg6 21. Nh4 Qf6 22. Rf1 Qe7 23. Ng2 Nf6 24. Rxc6 Bxc6 25. Qxc6 Rd6 26. Qc5 Nd7 27. Qa7 Re8 28. Bb4 1-0


[Site "https://www.chess.com"]

[Event "Titled Tuesday Blitz August 15 Early 2023"]
[White "Bashirli, Saadat"]
[Black "Hirneise, Jens"]
[WhiteFideId "13429990"]
[BlackFideId "24614734"]
[WhiteElo "2337"]
[BlackElo "2499"]
[Result "0-1"]
[Round "4"]
[TimeControl "180+1"]
[Date "2023.08.15"]
[WhiteClock "0:00:11"]
[BlackClock "0:00:04"]
[Board "157"]

1. d4 d5 2. e3 c5 3. c3 cxd4 4. exd4 g6 5. Bd3 Bg7 6. f3 Nc6 7. f4 Nh6 8. Nf3 Bf5 9. O-O Bxd3 10. Qxd3 O-O 11. Nbd2 Nf5 12. Nb3 Rc8 13. Re1 e6 14. Bd2 Nd6 15. Be3 Nc4 16. Rab1 N6a5 17. Nbd2 Qb6 18. Nxc4 Nxc4 19. Nd2 Qa6 20. Nxc4 Rxc4 21. b3 Ra4 22. Qxa6 Rxa6 23. a4 Rc8 24. Rec1 Rac6 25. Bd2 Kf8 26. Kf2 Ke7 27. Ke3 Kd7 28. Kd3 h5 29. g3 Rh8 30. h3 Bf8 31. c4 Bd6 32. c5 Be7 33. b4 Rcc8 34. b5 b6 35. c6+ Kc7 36. a5 Bd6 37. Rc2 Ra8 38. Ra2 Rhb8 39. Rba1 bxa5 40. Rxa5 a6 41. Rxa6 Rxa6 42. Rxa6 Rxb5 43. Ra7+ Kxc6 44. Rxf7 Rb3+ 45. Ke2 Rxg3 46. Rf6 Kd7 47. Rf7+ Ke8 48. Rg7 Kf8 49. Rd7 Be7 50. h4 Bxh4 51. Rd6 Kf7 52. Ra6 Bf6 53. Ra7+ Ke8 54. Be3 h4 55. Rh7 Rg2+ 56. Kf3 Rb2 57. Rh6 Kf7 58. Rh7+ Kg8 59. Ra7 h3 60. Ra8+ Kg7 61. Ra1 h2 62. Rh1 Kf7 63. Kg3 Re2 64. Kf3 Rc2 65. Kg3 Rc3 66. Kf2 Rd3 67. Ke2 Rb3 68. Kf3 Bxd4 69. Rxh2 Rxe3+ 70. Kg4 Re4 71. Rh7+ Bg7 72. Kg5 e5 73. Rh4 Rxf4 74. Rxf4+ exf4 75. Kxf4 Ke6 76. Kg5 Be5 77. Kxg6 d4 78. Kg5 d3 79. Kg4 d2 80. Kf3 d1=Q+ 81. Ke3 Qd4+ 82. Kf3 Kf5 83. Ke2 Kf4 84. Kf1 Kf3 85. Ke1 Bg3+ 86. Kf1 Qd1# 0-1


[Site "https://www.chess.com"]

[Event "Titled Tuesday Blitz August 15 Early 2023"]
[White "Reprintsev, Alexander"]
[Black "Lopez Gracia, Fernando"]
[WhiteFideId "14100541"]
[BlackFideId "2207184"]
[WhiteElo "2499"]
[BlackElo "2334"]
[Result "0-1"]
[Round "4"]
[TimeControl "180+1"]
[Date "2023.08.15"]
[WhiteClock "0:00:19"]
[BlackClock "0:00:58"]
[Board "158"]

1. e4 c5 2. b3 e6 3. Bb2 d5 4. Bb5+ Bd7 5. Bxd7+ Qxd7 6. Nf3 dxe4 7. Ne5 Qc7 8. Qe2 Nf6 9. a4 Nc6 10. Nxc6 Qxc6 11. Na3 Be7 12. Nc4 O-O 13. g4 Rfd8 14. g5 Nd5 15. Qxe4 Nb4 16. Qxc6 bxc6 17. O-O-O Bxg5 18. Rhg1 Bh6 19. Rxg7+ Bxg7 20. Rg1 Rd4 21. Rg5 f6 22. Rxc5 Rd5 23. d4 Rxc5 24. dxc5 f5 25. c3 Nd5 26. Kc2 Rf8 27. Na5 Rc8 28. b4 a6 29. Nc4 e5 30. Nd6 Rf8 31. Kb3 e4 32. Nc4 f4 33. Na5 e3 34. fxe3 fxe3 35. Bc1 e2 36. Bd2 Bxc3 0-1


[Site "https://www.chess.com"]

[Event "Titled Tuesday Blitz August 15 Early 2023"]
[White "Pershina, Elena"]
[Black "Mihailidis, Anastasios"]
[WhiteFideId "24147516"]
[BlackFideId "4205588"]
[WhiteElo "2335"]
[BlackElo "2498"]
[Result "1-0"]
[Round "4"]
[TimeControl "180+1"]
[Date "2023.08.15"]
[WhiteClock "0:01:22"]
[BlackClock "0:00:01"]
[Board "159"]

1. c4 e6 2. g3 d5 3. Bg2 Nf6 4. Nf3 Be7 5. O-O O-O 6. b3 c5 7. cxd5 exd5 8. d4 Nc6 9. Bb2 Be6 10. dxc5 Bxc5 11. Nc3 Qd7 12. Rc1 Bb6 13. Na4 Qe7 14. Nxb6 axb6 15. a4 Ne4 16. Nd4 Rac8 17. Nxe6 Qxe6 18. e3 Rfd8 19. Qh5 g6 20. Qh6 Ne5 21. f4 Nd2 22. Bxe5 f6 23. Bd4 Nxf1 24. Rxf1 Rc2 25. Qh4 Rxg2+ 26. Kxg2 Qe4+ 27. Kg1 Rc8 28. Qxf6 Rc7 29. Qh8+ Kf7 30. Qg7+ Ke6 31. Qxc7 1-0


[Site "https://www.chess.com"]

[Event "Titled Tuesday Blitz August 15 Early 2023"]
[White "Davidson, Kevin"]
[Black "LeoLV10"]
[WhiteFideId "2056810"]
[WhiteElo "2328"]
[BlackElo "2495"]
[Result "1-0"]
[Round "4"]
[TimeControl "180+1"]
[Date "2023.08.15"]
[WhiteClock "0:01:43"]
[BlackClock "0:00:19"]
[Board "160"]

1. e4 c5 2. Nf3 e6 3. d4 cxd4 4. Nxd4 a6 5. Nc3 b5 6. Bd3 Bb7 7. O-O Qc7 8. Re1 d6 9. a4 b4 10. Nd5 exd5 11. exd5+ Be7 12. Nf5 Kf8 13. Qg4 Bf6 14. Bf4 h5 15. Bxd6+ Qxd6 16. Nxd6 hxg4 17. Re8# 1-0


[Site "https://www.chess.com"]

[Event "Titled Tuesday Blitz August 15 Early 2023"]
[White "arenal72"]
[Black "Iunusovnuriddin"]
[WhiteElo "2494"]
[BlackElo "2328"]
[Result "1-0"]
[Round "4"]
[TimeControl "180+1"]
[Date "2023.08.15"]
[WhiteClock "0:01:38"]
[BlackClock "0:00:00"]
[Board "161"]

1. e4 e5 2. Nf3 Nc6 3. Nc3 Nf6 4. h3 Bb4 5. a3 Bxc3 6. dxc3 Nxe4 7. Nxe5 Nxe5 8. Qd4 O-O 9. Qxe4 Re8 10. Be3 d5 11. Qd4 Nc6 12. Qf4 Ne7 13. O-O-O Nf5 14. Bd2 c5 15. Bd3 Nd6 16. Rhe1 Be6 17. Be3 Rc8 18. g4 c4 19. Bf1 Nb5 20. Bd4 Nxd4 21. Rxd4 Qf6 22. Qxf6 gxf6 23. Bg2 Rcd8 24. f4 Kg7 25. f5 Bd7 26. Rxe8 Rxe8 27. Kd2 Bc6 28. Bxd5 Bxd5 29. Rxd5 h5 30. Rd4 hxg4 31. hxg4 Kh6 32. Rxc4 Kg5 33. Rc7 Kxg4 34. Rxf7 1-0


[Site "https://www.chess.com"]

[Event "Titled Tuesday Blitz August 15 Early 2023"]
[White "Baches Garcia, Guillermo"]
[Black "Jahnz, Fabian"]
[WhiteFideId "2209764"]
[BlackFideId "4653300"]
[WhiteElo "2494"]
[BlackElo "2327"]
[Result "1-0"]
[Round "4"]
[TimeControl "180+1"]
[Date "2023.08.15"]
[WhiteClock "0:00:15"]
[BlackClock "0:00:16"]
[Board "162"]

1. e4 c6 2. d4 d5 3. e5 Bf5 4. h4 Qc7 5. Be3 h6 6. Bd3 Bxd3 7. Qxd3 e6 8. c4 Bb4+ 9. Nc3 Ne7 10. c5 Nd7 11. a3 Bxc3+ 12. Qxc3 Nf5 13. Bd2 O-O 14. g4 Ne7 15. Ne2 f6 16. f4 fxe5 17. dxe5 b6 18. b4 bxc5 19. bxc5 Rab8 20. Nd4 Qb7 21. Nxe6 Rfe8 22. Nd4 Ng6 23. h5 Ngf8 24. O-O Ne6 25. Nxe6 Rxe6 26. Rae1 Qb2 27. Rb1 Qxb1 28. Rxb1 Rxb1+ 29. Kg2 Rb5 30. Be3 Re8 31. Bd4 Nf8 32. f5 Nh7 33. e6 Re7 34. Qg3 Rbb7 35. Qd6 Rbc7 36. Be5 Ng5 37. Qd8+ Kh7 38. Bxc7 1-0


[Site "https://www.chess.com"]

[Event "Titled Tuesday Blitz August 15 Early 2023"]
[White "Efremov, Vladislav"]
[Black "Shubenkova, Veronika"]
[WhiteFideId "44159935"]
[BlackFideId "44124040"]
[WhiteElo "2317"]
[BlackElo "2492"]
[Result "1-0"]
[Round "4"]
[TimeControl "180+1"]
[Date "2023.08.15"]
[WhiteClock "0:00:06"]
[BlackClock "0:00:00"]
[Board "163"]

1. e4 e6 2. d4 d5 3. Nd2 Nf6 4. exd5 exd5 5. Ngf3 Bd6 6. Bd3 O-O 7. O-O Bg4 8. h3 Bh5 9. c3 Nbd7 10. Qc2 Bg6 11. Bxg6 hxg6 12. Nb3 c6 13. Be3 Ne4 14. Rfe1 f5 15. c4 g5 16. Ne5 Nxe5 17. dxe5 Bxe5 18. cxd5 cxd5 19. f3 Nd6 20. Bxg5 Qxg5 21. Rxe5 Nc4 22. Re2 Rae8 23. Rae1 Ne3 24. Qd2 f4 25. Nd4 Rf6 26. Nc2 Rfe6 27. Nxe3 fxe3 28. Qd4 Rg6 29. Rd1 Re5 30. f4 Qh5 31. Qxe5 Qxe2 32. Qxd5+ Kh7 33. Rf1 Qxb2 34. Qh5+ Rh6 35. Qf5+ Kg8 36. Qc8+ Kf7 37. Qd7+ Kg8 38. Qe8+ Kh7 39. Qe4+ Rg6 40. f5 Rf6 41. Qxe3 Qxa2 42. g4 Qd5 43. Qg5 Qd4+ 44. Kg2 Rh6 45. Rf3 Qd5 46. Qe3 Qc6 47. g5 Rh5 48. Kg3 Qd6+ 49. Kg2 Rh4 50. g6+ Kg8 51. Qe8+ Qf8 52. Qe6+ Kh8 53. f6 Rh6 54. fxg7+ Qxg7 55. Qe8+ Qg8 56. Rf8 Rxg6+ 57. Kf2 Rg2+ 58. Ke3 Rg3+ 59. Ke4 Rg7 60. Rxg8+ Rxg8 61. Qh5+ Kg7 62. Qe5+ Kh7 63. Qf5+ Kh6 64. h4 Rg7 65. Qf4+ Kh5 66. Kd5 Rg4 67. Qf7+ Kxh4 68. Qxb7 Kg3 69. Qxa7 Rg5+ 70. Ke6 Rg4 71. Kf5 Rf4+ 72. Ke5 Rg4 73. Qe3+ Kh4 74. Kf5 Ra4 75. Qh6+ Kg3 76. Qd2 Rg4 77. Qe1+ Kh3 78. Qh1+ Kg3 79. Qg1+ Kf3 80. Qxg4+ 1-0


[Site "https://www.chess.com"]